 Dungeon Crawl Stone Soup version 0.30.1 (webtiles) character file.

Game seed: 4551469435916287174

751 safid the Chiller (level 7, -4/55 HPs)
             Began as a Merfolk Ice Elementalist on July 6, 2023.
             Killed by divine providence
             ... invoked by an orc priest
              (13 damage)
             ... on level 5 of the Dungeon.
             The game lasted 00:07:44 (4689 turns).

safid the Chiller (Merfolk Ice Elementalist)        Turns: 4689, Time: 00:07:45

Health: -4/55      AC: 13    Str:  8    XL:     7   Next: 78%
Magic:  1/13       EV: 13    Int: 16    God:
Gold:   14         SH:  0    Dex: 15    Spells: 8/15 levels left

rFire   + . .        t - +2 short sword (venom)
rCold   . . .        (no shield)
rNeg    . . .        a - +0 robe
rPois   .            l - +1 helmet
rElec   .            p - +0 cloak
rCorr   .            (no gloves)
SInv    .            m - +0 pair of boots
Will    .....        (no amulet)
Stlth   ++           r - ring of protection from fire
HPRegen 0.29/turn    (no ring)
MPRegen 0.13/turn

%: no passive effects
@: ice-armoured
A: (nimble swimmer 2), mertail
a: no special abilities


You were on level 5 of the Dungeon.
You visited 1 branch of the dungeon, and saw 5 of its levels.

You collected 157 gold pieces.
You spent 143 gold pieces at shops.

Inventory:

Hand Weapons
 t - a +2 short sword of venom (weapon)
Armour
 a - a +0 robe (worn)
 l - a +1 helmet (worn)
 m - a +0 pair of boots (worn)
 p - a +0 cloak (worn)
Magical Staves
 n - a staff of cold
Jewellery
 r - a ring of protection from fire (left hand)
Wands
 h - a wand of polymorph (10)
 s - a wand of charming (18)
Scrolls
 b - a scroll of teleportation {unknown}
 c - a scroll of vulnerability {unknown}
 d - a scroll of amnesia {unknown}
 e - 2 scrolls of noise
 j - 9 scrolls of identify
 k - 2 scrolls of poison {unknown}
 v - 2 scrolls of magic mapping {unknown}
 x - a scroll of brand weapon {unknown}
 y - a scroll of fear {unknown}
Potions
 f - 2 potions of degeneration {unknown}
 g - a potion of might {unknown}
 i - a potion of flight {unknown}
 o - 4 potions of curing
 q - a potion of brilliance {unknown}
 u - a potion of magic
 w - a potion of mutation {unknown}


   Skills:
 + Level 4.9 Fighting
 - Level 4.0 Dodging
 - Level 2.1 Stealth
 + Level 4.6 Spellcasting
 + Level 6.7 Ice Magic


You had 8 spell levels left.
You knew the following spells:

 Your Spells              Type           Power      Damage    Failure   Level
a - Freeze                Ice            100%       1d10      1%          1
b - Frozen Ramparts       Ice            50%        1d8       3%          3
c - Ozocubu's Armour      Ice            25%        N/A       3%          3

Your spell library contained the following spells:

 Spells                   Type           Power      Damage    Failure   Level
 Sandblast                Erth           6%         2d5       16%         1
 Passwall                 Tmut/Erth      2%         N/A       24%         2
 Static Discharge         Conj/Air       6%         2-3/arc   24%         2
 Summon Ice Beast         Ice/Summ       14%        N/A       36%         4
 Stone Arrow              Conj/Erth      6%         3d7       43%         3
 Summon Guardian Golem    Hex/Summ       3%         N/A       43%         3
 Vhi's Electric Charge    Tloc/Air       6%         N/A       43%         3
 Airstrike                Air            1%         2d(1-17)  85%         4
 Summon Lightning Spire   Summ/Air       3%         N/A       85%         4
 Arcjolt                  Conj/Air       1%         1d11      99%         5
 Orb of Destruction       Conj           1%         9d5       100%        7
 Spellforged Servitor     Conj/Summ      1%         N/A       100%        7
 Maxwell's Capacitive Co  Air            1%         ∞         100%        8


Dungeon Overview and Level Annotations

Branches:
Dungeon (5/15)
 Temple: D:4-7

Altars:
Hepliaklqana
Vehumet
Zin

Shops:
D:4 *?


Innate Abilities, Weirdness & Mutations

((You are very nimble when in or above water. (Stealth+, EV+, Speed+++)))
Your lower body shifts to a powerful aquatic tail in water.


Message History

The phantom is heavily damaged.
The wall freezes the orc priest.
The phantom completely resists.
The wall freezes the phantom but does no damage.
The phantom hits you.
* * * LOW HITPOINT WARNING * * *
The phantom blinks!
You blink.
Your icy armour cracks and falls away as you move.
The frozen ramparts melt away as you move.
You barely miss the phantom.
The phantom is heavily damaged.
The phantom misses you.
You hit the phantom.
The phantom is heavily damaged.
The phantom hits you.
* * * LOW HITPOINT WARNING * * *
The phantom blinks!
You blink.
You hit the phantom.
The phantom is severely damaged.
The phantom closely misses you.
You feel better. The phantom hits you.
The phantom blinks!
You blink.
Casting: Frozen Ramparts (dangerous; 3% risk of failure)
Confirm with . or Enter, or press ? or * to list all spells.
A film of ice covers your body!
The orc priest calls down the wrath of Beogh upon you.
Beogh smites you!
* * * LOW HITPOINT WARNING * * *
The phantom hits you but does no damage.
The phantom barely misses you.
You hit the phantom.
The phantom is severely damaged.
The phantom hits you but does no damage.
You barely miss the phantom.
The phantom is severely damaged.
The phantom barely misses you.
You hit the orc priest but do no damage.
The orc priest is poisoned.
The orc priest is lightly wounded.
The orc priest mumbles some strange prayers to Beogh against you.
Beogh smites you!
You die...

.. ... ########..
#.##..... ..
##......# ...#
#@......# ..#
#Wo.....##..#
#...........##
####.............
##......#......##..
#.....###..†.......
#.........#.#####.
#......##.#†).)....
##.....##....##....


You could see a phantom and an orc priest (very poisoned).

Vanquished Creatures
  A black bear (D:4)
  An ogre (D:4)
  A phantom (D:4)
  A scorpion (D:5)
  A howler monkey (D:5)
  3 jellies
  An orc priest (D:4)
  2 hounds (D:5)
  Terence (D:3)
  An iguana (D:5)
  Robin (D:2)
  6 adders
  A shadow imp (D:5)
  A worm (D:4)
  2 dart slugs
  9 orcs
  17 endoplasms
  2 giant cockroaches
  13 goblins
  8 hobgoblins
  2 jackals (D:4)
  11 kobolds
  3 quokkas
  7 ball pythons
  4 bats
100 creatures vanquished.

Notes
Turn   | Place    | Note
-------+----------+-------------------------------------------
     0 | D:1      | safid the Merfolk Ice Elementalist began the quest for the
                  | Orb.
     0 | D:1      | Reached XP level 1. HP: 13/13 MP: 3/3
   475 | D:1      | Reached XP level 2. HP: 17/20 MP: 0/5
   588 | D:1      | Reached skill level 1 in Fighting
  1086 | D:2      | Noticed Robin
  1101 | D:2      | Reached XP level 3. HP: 19/26 MP: 4/6
  1111 | D:2      | Killed Robin
  1208 | D:2      | Learned a level 3 spell: Frozen Ramparts
  1212 | D:2      | Learned a level 3 spell: Ozocubu's Armour
  1593 | D:2      | Reached skill level 5 in Ice Magic
  1593 | D:2      | Reached XP level 4. HP: 19/33 MP: 6/8
  2425 | D:3      | Found a glowing silver altar of Zin.
  2538 | D:3      | Noticed Terence
  2545 | D:3      | Killed Terence
  2752 | D:3      | Reached XP level 5. HP: 39/39 MP: 9/9
  2801 | D:3      | You fall into a shaft and drop 2 floors!
  2801 | D:5      | Entered Level 5 of the Dungeon
  2812 | D:4      | Noticed a black bear
  2882 | D:4      | Found a radiant altar of Vehumet.
  2882 | D:4      | Found a hazy altar of Hepliaklqana.
  2919 | D:4      | Found Ruqid's General Store.
  2919 | D:4      | Noticed an ogre
  2931 | D:4      | Killed an ogre
  3011 | D:4      | Bought a scroll of identify for 22 gold pieces
  3011 | D:4      | Bought a potion of curing for 33 gold pieces
  3118 | D:4      | Noticed a phantom
  3146 | D:4      | Killed a phantom
  3147 | D:4      | Reached XP level 6. HP: 19/47 MP: 1/11
  3868 | D:4      | Reached skill level 6 in Ice Magic
  4130 | D:4      | Found Ycibur's Magic Scroll Shop.
  4133 | D:4      | Bought a scroll of identify for 22 gold pieces
  4133 | D:4      | Bought a scroll of identify for 22 gold pieces
  4133 | D:4      | Bought a scroll of identify for 22 gold pieces
  4323 | D:4      | Killed a black bear
  4324 | D:4      | Reached XP level 7. HP: 39/54 MP: 3/13
  4552 | D:4      | Bought a scroll of identify for 22 gold pieces
  4689 | D:5      | Killed from afar by an orc priest

Illustrated notes

Levels and vault maps discovered:
D:1:      dpeg_arrival_arbitrary_b, layout_basic
D:2:      cheibrodos_old_hovel, layout_basic, uniq_robin
D:3:      layout_loops_cross, nicolae_overflow_crystal_walls,
          minmay_misc_feat_alley, chequers_avenue, uniq_terence
D:4:      cheibrodos_fertilizer, layout_basic,
          gammafunk_temple_overflow_elements, serial_shops,
          nicolae_shop_just_a_little_nook, nicolae_shop_rolled_up
D:5:      layout_cave_pools, kennysheep_mini, serial_column_ruins,
          column_ruins_corridor_straight, column_ruins_open_small,
          column_ruins_columns_corner, column_ruins_corridor_T,
          column_ruins_open_tiny, column_ruins_columns_straight,
          amcnicky_mini_corridor_feature

Skill      XL: |  1  2  3  4  5  6 |
---------------+-------------------+-----
Fighting       | 1 2 3 4 |  4.9
Ice Magic      | 5 6 |  6.7
Dodging        | 3 4 |  4.0
Spellcasting   | 3 4 |  4.6
Stealth        | |  2.1

Action                     |  1- 3 |  4- 6 |  7- 9 || total
---------------------------+-------+-------+-------++-------
  Melee: Unarmed           |     7 |       |       ||     7
         Club              |    26 |       |       ||    26
         Dagger            |    24 |    29 |       ||    53
         Short sword       |       |   104 |    43 ||   147
         Punch             |       |     2 |       ||     2
   Cast: Freeze            |    35 |    11 |       ||    46
         Ozocubu's Armour  |       |     7 |     2 ||     9
         Frozen Ramparts   |       |     9 |     4 ||    13
    Use: Potion            |     1 |       |     2 ||     3
         Scroll            |       |       |     1 ||     1
   Stab: Sleeping          |     2 |     5 |       ||     7
 Armour: Robe              |    22 |    49 |    22 ||    93
  Dodge: Dodged            |    56 |    90 |    43 ||   189
